 Dungeon Crawl Stone Soup version 0.32-a0-18-g89e19f1974 (webtiles) character file.

Game seed: 1952731160763717540

140 Xavori the Trooper (level 5, -1/40 HPs)
             Began as a Djinni Chaos Knight on Jan 17, 2024.
             Was a Plaything of Xom.
             Killed by nerve-wracking pain
             ... invoked by an orc priest
              (10 damage)
             ... on level 3 of the Dungeon.
             The game lasted 00:02:02 (3292 turns).

Xavori the Trooper (Djinni Chaos Knight)            Turns: 3292, Time: 00:02:02

Health: -1/40      AC: 11    Str: 15    XL:     5   Next: 47%
Gold:   77         EV: 13    Int: 13    God:    Xom [...*..] SH:  0 Dex: 23

rFire   + + .        a - +0 falchion (chaos)
rCold   x . .        (no shield)
rNeg    . . .        p - +3 leather armour of Wuzazyha {^Contam +Inv Dex+4}
rPois   ∞            (no helmet)
rElec   .            (no cloak)
rCorr   .            q - +0 pair of gloves
SInv    .            (boots unavailable)
Will    .....        (no amulet)
Stlth   ++           d - +6 ring of dexterity
HPRegen 0.26/turn    e - +4 ring of protection
MPRegen 0.00/turn

%: clarity, infuse magic (-2 HP)
@: flying
A: sickness immunity, fire resistance 2, cold vulnerability 1, float, innate
caster, HP casting, extra vitality 1, clarity, strong 1, wild magic 1,
MP-powered wands
a: Renounce Religion, Evoke Invisibility


You were on level 3 of the Dungeon.
You worshipped Xom.
You were a favourite toy of Xom.
You visited 1 branch of the dungeon, and saw 3 of its levels.

You collected 77 gold pieces.

Inventory:

Hand Weapons
 a - a +0 falchion of chaos (weapon)
Armour
 b - a +2 leather armour
 j - a +2 ring mail of cold resistance
 l - +0 gold dragon scales
 p - the +3 leather armour of Wuzazyha (worn) {^Contam +Inv Dex+4}
   (You found it on level 2 of the Dungeon)

   Dex+4:     It affects your dexterity (+4).
   +Inv:      It lets you turn invisible.
   ^Contam:   It causes magical contamination when unequipped.
 q - a +0 pair of gloves (worn)
Jewellery
 d - a +6 ring of dexterity (left hand)
 e - a +4 ring of protection (right hand)
Wands
 m - a wand of paralysis (4)
 s - a wand of flame (27)
Scrolls
 c - a scroll of butterflies
 f - a scroll of teleportation {unknown}
 g - a scroll of fog {unknown}
 h - a scroll of vulnerability {unknown}
 i - a scroll of blinking {unknown}
 k - a scroll of torment {unknown}
Potions
 n - a potion of resistance {unknown}
 o - a potion of haste {unknown}


   Skills:
 + Level 3.5 Fighting
 + Level 3.2 Long Blades
 + Level 2.5 Armour
 + Level 3.0 Dodging
 * Level 1.6 Spellcasting
 * Level 1.6 Conjurations
 * Level 1.6 Hexes
   Level 0.0 Charms
 * Level 1.6 Summonings
 * Level 1.6 Necromancy
 * Level 1.6 Translocations
   Level 0.0 Transmutations
 * Level 1.6 Fire Magic
 * Level 1.6 Ice Magic
 * Level 1.6 Air Magic
 * Level 1.6 Earth Magic
 * Level 1.6 Alchemy


You knew the following spells:

 Your Spells              Type           Power      Damage    Failure   Level
a - Sandblast             Erth           14%        2d6       24%         1
b - Static Discharge      Conj/Air       14%        3-4/arc   34%         2
Your spell library was empty.

Dungeon Overview and Level Annotations

Branches:
Dungeon (3/15)

Altars:


Innate Abilities, Weirdness & Mutations

You are immune to sickness and miasma.
You are immune to poison.
Your flesh is very heat resistant. (rF++)
You are vulnerable to cold. (rC-)
You float through the air rather than walking.
You learn spells naturally, not from books.
Your magical power is your life essence.
You have superior vitality. (+4 MHP)
You possess an exceptional clarity of mind.
Your muscles are strong. (Str +4, Int/Dex -1)
Your spells are a little harder to cast, but a little more powerful.
You expend health (3 HP) to strengthen your wands.


Message History

The ball python skeleton is lightly damaged.
The ball python skeleton is no longer moving slowly.
The orc priest misses your butterfly. The orc closely misses you.
The giant cockroach barely misses your butterfly.
Unknown command.
Unknown command.
You hit the ball python skeleton.
You destroy the ball python skeleton!
The giant cockroach completely misses your butterfly.
The orc priest hits your butterfly with a +0 club.
Your butterfly dies!
Your butterfly disappears in a puff of smoke!
The orc barely misses you.
The orc priest mumbles some strange prayers to Beogh against you.
Pain shoots through your body!
You hit the orc priest. You freeze the orc priest.
The orc priest is moderately wounded.
The giant cockroach closely misses you.
The orc priest hits you but does no damage.
The orc misses you.
Unknown command.
You hit the orc priest. You burn the orc priest.
The orc priest is heavily wounded.
The giant cockroach closely misses you.
The orc priest calls down the wrath of Beogh upon you.
Beogh smites you!
* * * LOW HITPOINT WARNING * * *
Unknown command.
Unknown command.
Unknown command.
It was a potion of mutation.
You feel extremely strange.
Your thinking seems confused.
Your large bone plates disappear.
You feel more in control of your magic.
You feel your magical essence link to the dungeon's wands.
Your thoughts seem clearer.
The giant cockroach barely misses you.
The orc priest calls down the wrath of Beogh upon you.
Pain shoots through your body!
You die...
Xom is highly amused!

####.## .# .......
#.##### . ......b
......#
.......#.~≈~..# .#
........~§~~~~# . .#
.......b.§§~§§# ....
...bb.oo§b§§~P# #..#
......B@o.§.§.# #..
###..##..###### #
........b#### #
.#####b.b...# #
##.....# #######
.#####.##.....<.......
....#..#.#####.......
#..#.#.# #.......
##b.)#.## #.....8.


You could see 2 orc priests, an orc and a giant cockroach.

Vanquished Creatures
  A hound skeleton (D:3)
  3 adders
  4 adder skeletons (D:3)
  4 ribbon worms
  4 dart slugs
  8 orcs (D:3)
  A bat (D:2)
  8 endoplasms
  2 giant cockroaches (D:1)
  4 goblins
  4 hobgoblins
  2 quokkas (D:2)
  4 ball pythons
  2 ball python skeletons (D:3)
  A frilled lizard (D:1)
  A jackal skeleton (D:3)
  5 kobolds
  A quokka skeleton (D:3)
  A quokka zombie (D:3)
  4 rats
64 creatures vanquished.

Vanquished Creatures (others)
  A ball python skeleton (D:3)
1 creature vanquished.

Grand Total: 65 creatures vanquished

Notes
Turn   | Place    | Note
-------+----------+-------------------------------------------
     0 | D:1      | Xavori the Djinni Chaos Knight began the quest for the Orb.
     0 | D:1      | Reached XP level 1. HP: 20/20 MP: 0/0
    68 | D:1      | XOM: silly message
   178 | D:1      | Reached XP level 2. HP: 20/25 MP: 0/0
   500 | D:1      | Reached XP level 3. HP: 27/30 MP: 0/0
   500 | D:1      | Learned a level 1 spell: Sandblast
   529 | D:1      | Reached skill level 1 in Spellcasting
   529 | D:1      | Reached skill level 1 in Conjurations
   529 | D:1      | Reached skill level 1 in Hexes
   529 | D:1      | Reached skill level 1 in Summonings
   529 | D:1      | Reached skill level 1 in Necromancy
   529 | D:1      | Reached skill level 1 in Translocations
   529 | D:1      | Reached skill level 1 in Fire Magic
   529 | D:1      | Reached skill level 1 in Ice Magic
   529 | D:1      | Reached skill level 1 in Air Magic
   529 | D:1      | Reached skill level 1 in Earth Magic
   529 | D:1      | Reached skill level 1 in Alchemy
  1648 | D:1      | XOM: god gift: mace {god gift}
  1770 | D:1      | XOM: give mutations
  1770 | D:1      | Gained mutation: Your spells are a little harder to cast,
                  | but a little more powerful. [Xom's grace]
  1770 | D:1      | Gained mutation: Your muscles are strong. (Str +4, Int/Dex
                  | -1) [Xom's grace]
  1784 | D:1      | XOM: give mutation
  1784 | D:1      | Gained mutation: Your spells are harder to cast, but more
                  | powerful. [Xom's mischief]
  1864 | D:1      | XOM: scenery: summon butterflies
  1875 | D:1      | XOM: god gift: +2 ring mail of cold resistance
  2086 | D:1      | XOM: cloud trail
  2316 | D:1      | XOM: give mutation
  2316 | D:1      | Gained mutation: You are partially covered in large bone
                  | plates. (SH +4) [Xom's grace]
  2462 | D:1      | XOM: give mutations
  2462 | D:1      | Gained mutation: You possess an exceptional clarity of
                  | mind. [Xom's grace]
  2767 | D:2      | Found a faded altar of an unknown god.
  2803 | D:2      | Reached XP level 4. HP: 15/35 MP: 0/0
  2926 | D:2      | Identified the +3 leather armour of Wuzazyha {^Contam +Inv
                  | Dex+4}
  3160 | D:3      | Reached XP level 5. HP: 40/40 MP: 0/0
  3160 | D:3      | Learned a level 2 spell: Static Discharge
  3280 | D:3      | XOM: scenery: summon butterflies
  3292 | D:3      | Lost mutation: You possess an exceptional clarity of mind.
                  | [potion of mutation]
  3292 | D:3      | Lost mutation: You are partially covered in large bone
                  | plates. (SH +4) [potion of mutation]
  3292 | D:3      | Lost mutation: Your spells are harder to cast, but more
                  | powerful. [potion of mutation]
  3292 | D:3      | Gained mutation: You expend health (3 HP) to strengthen
                  | your wands. [potion of mutation]
  3292 | D:3      | Gained mutation: You possess an exceptional clarity of
                  | mind. [potion of mutation]
  3292 | D:3      | Killed from afar by an orc priest

Illustrated notes

Levels and vault maps discovered:
D:1:      dpeg_arrival_round_b, layout_basic
D:2:      layout_basic, ebering_ecumenical_altar_box
D:3:      layout_rooms, serial_undead, serial_undead_f, serial_undead_f,
          serial_undead_b, serial_undead_c, serial_undead_e, serial_undead_c,
          serial_undead_e, serial_shops, nicolae_shop_tiny_waterfront,
          minmay_between

Skill      XL: |  1  2  3  4  5 |
---------------+----------------+-----
Spellcasting   | 1 |  1.6
Conjurations   | 1 |  1.6
Hexes          | 1 |  1.6
Summonings     | 1 |  1.6
Necromancy     | 1 |  1.6
Translocations | 1 |  1.6
Fire Magic     | 1 |  1.6
Ice Magic      | 1 |  1.6
Air Magic      | 1 |  1.6
Earth Magic    | 1 |  1.6
Alchemy        | 1 |  1.6
Long Blades    | 3 |  3.2
Armour         | 2 |  2.5
Dodging        | 3 |  3.0
Fighting       | |  3.5

Action                     |  1- 3 |  4- 6 || total
---------------------------+-------+-------++-------
  Melee: Falchion          |    98 |   111 ||   209
         Punch             |       |     1 ||     1
    Use: Potion            |       |     1 ||     1
   Stab: Sleeping          |     1 |       ||     1
         Confused          |       |     1 ||     1
 Armour: Leather armour    |    37 |    42 ||    79
         Ring mail         |    29 |     8 ||    37
  Dodge: Dodged            |    57 |    83 ||   140
  Block: Other             |    11 |    22 ||    33

Table legend: (Time is in decaauts)
 A = Elapsed time spent in this place.
 B = Non-inter-level travel time spent in this place.
 C = Inter-level travel time spent in this place.
 D = Time resting spent in this place.
 E = Time spent auto-exploring this place.
 F = Levels seen in this place.
 G = Mean time per level.
                   A        B        C        D        E       F      G
               +--------+--------+--------+--------+--------+-----+--------+
         Total |   3323 |   3191 |    132 |   1975 |    762 |   3 | 1107.7 |
       Dungeon |   3323 |   3191 |    132 |   1975 |    762 |   3 | 1107.7 |
               +--------+--------+--------+--------+--------+-----+--------+

Top non-repeatable levels by time:
     D:1: 2570 daAuts
     D:2: 483 daAuts
     D:3: 270 daAuts
